TOP OF THE 1ST |
San Diego (APP) Padres batting - Pitching for Chicago (APP) Cubs : LHP Eddie Panagos
|
Pitching: LHP Eddie Panagos
|
|
Batting: RHB Alex Collazo
|
0-0: Ball 1-0: Ball 2-0: Foul Ball, location: 2F 2-1: Ball 3-1: Base on Balls
|
Batting: RHB Norinaga Yamakawakamatsu
|
0-0: Fly out, F8 (Line Drive, 8RD, EV 111.9 MPH)
|
Batting: RHB Brian Klinkner
|
0-0: Called Strike Alex Collazo steals 2nd base 0-1: Swinging Strike Passed Ball! Alex Collazo to third 0-2: Ball 1-2: Strikes out swinging
|
Batting: LHB Justin Daley
|
0-0: Swinging Strike Passed Ball! Alex Collazo scores 0-1: Ball 1-1: Ball 2-1: Ball 3-1: Foul Ball, location: 2F 3-2: Base on Balls
|
Batting: RHB Phil McFadden
|
0-0: Ball 1-0: Foul Ball, location: 2F 1-1: Ball 2-1: Ball 3-1: Base on Balls Justin Daley to second
|
Batting: RHB Max Stillo
|
0-0: Ball Passed Ball! Justin Daley to third Phil McFadden to second 1-0: Called Strike 1-1: Swinging Strike 1-2: Foul Ball, location: 2F 1-2: Strikes out swinging
|
Top of the 1st over - 1 run, 0 hits, 0 errors, 2 left on base; San Diego (APP) 1 - Chicago (APP) 0 |
BOTTOM OF THE 1ST |
Chicago (APP) Cubs batting - Pitching for San Diego (APP) Padres : RHP Liam Tate
|
Pitching: RHP Liam Tate
|
|
Batting: SHB Jim Lloyd
|
0-0: Ball 1-0: Foul Ball, location: 2F 1-1: Foul Ball, location: 2F 1-2: Ball 2-2: Strikes out swinging
|
Batting: RHB Andy Villarreal
|
0-0: Ball 1-0: Foul Ball, location: 2F 1-1: Called Strike 1-2: Foul Ball, location: 2F 1-2: Strikes out swinging
|
Batting: LHB Jose Mafano
|
0-0: Ball 1-0: Called Strike 1-1: Foul Ball, location: 2F 1-2: Ball 2-2: Strikes out swinging
|
Bottom of the 1st over - 0 runs, 0 hits, 0 errors, 0 left on base; San Diego (APP) 1 - Chicago (APP) 0 |
TOP OF THE 2ND |
San Diego (APP) Padres batting - Pitching for Chicago (APP) Cubs : LHP Eddie Panagos
|
Batting: RHB Ed Oake
|
0-0: Ball 1-0: Ball 2-0: Called Strike 2-1: Swinging Strike 2-2: Ball 3-2: Base on Balls
|
Batting: RHB Brian DeVoe
|
0-0: Swinging Strike 0-1: Ball 1-1: 2-RUN HOME RUN (Flyball, 7LD, EV 96.2 MPH), Distance : 357 ft
|
Batting: RHB Gabriel Diaz
|
0-0: Ball 1-0: Ground out 1-3 (Groundball, 15S, EV 62.5 MPH)
|
Batting: RHB Alex Collazo
|
0-0: Ball 1-0: Ball 2-0: Ball 3-0: Called Strike 3-1: Base on Balls
|
Batting: RHB Norinaga Yamakawakamatsu
|
0-0: Called Strike 0-1: Ball Wild Pitch! Alex Collazo to second 1-1: Ground out 6-3 (Groundball, 6, EV 84.4 MPH)
|
Batting: RHB Brian Klinkner
|
0-0: Ball 1-0: Called Strike 1-1: Swinging Strike 1-2: Strikes out looking
|
Top of the 2nd over - 2 runs, 1 hit, 0 errors, 1 left on base; San Diego (APP) 3 - Chicago (APP) 0 |
BOTTOM OF THE 2ND |
Chicago (APP) Cubs batting - Pitching for San Diego (APP) Padres : RHP Liam Tate
|
Batting: RHB Andy Baumhardt
|
0-0: Ball 1-0: Swinging Strike 1-1: Ball 2-1: SINGLE (Groundball, 6MD, EV 98.8 MPH)
|
Batting: RHB Luis Solis
|
0-0: Grounds into double play, 6-4-3 (Groundball, 6, EV 90.6 MPH)
|
Batting: RHB Jorge Gonzalez
|
0-0: Called Strike 0-1: Ball 1-1: Called Strike 1-2: Ball 2-2: Ball 3-2: Strikes out swinging
|
Bottom of the 2nd over - 0 runs, 1 hit, 0 errors, 0 left on base; San Diego (APP) 3 - Chicago (APP) 0 |
TOP OF THE 3RD |
San Diego (APP) Padres batting - Pitching for Chicago (APP) Cubs : LHP Eddie Panagos
|
Batting: LHB Justin Daley
|
0-0: Ball 1-0: Called Strike 1-1: Ball 2-1: Swinging Strike 2-2: Ball 3-2: Base on Balls
|
Batting: RHB Phil McFadden
|
0-0: Ball 1-0: Foul Ball, location: 2F 1-1: Called Strike 1-2: Ball Passed Ball! Justin Daley to second 2-2: Ball Passed Ball! Justin Daley to third 3-2: Base on Balls
|
Batting: RHB Max Stillo
|
0-0: Foul Ball, location: 2F 0-1: Ball 1-1: Foul Ball, location: 2F 1-2: Grounds into double play, 4-6-3 (Groundball, 4M, EV 78.1 MPH) Justin Daley scores
|
Batting: RHB Ed Oake
|
0-0: Called Strike 0-1: Swinging Strike 0-2: Ball 1-2: Foul Ball, location: 2F 1-2: Foul Ball, location: 2F 1-2: Foul Ball, location: 2F 1-2: Ball 2-2: Foul Ball, location: 2F 2-2: Foul Ball, location: 2F 2-2: Ball 3-2: Base on Balls
|
Batting: RHB Brian DeVoe
|
0-0: Swinging Strike Passed Ball! Ed Oake to second 0-1: Called Strike 0-2: Strikes out swinging
|
Top of the 3rd over - 1 run, 0 hits, 0 errors, 1 left on base; San Diego (APP) 4 - Chicago (APP) 0 |
BOTTOM OF THE 3RD |
Chicago (APP) Cubs batting - Pitching for San Diego (APP) Padres : RHP Liam Tate
|
Batting: RHB Lencho Otieno
|
0-0: Ball 1-0: Ball 2-0: Ball 3-0: Called Strike 3-1: Foul Ball, location: 2F 3-2: Strikes out looking
|
Batting: SHB Rob Craft
|
0-0: Called Strike 0-1: Called Strike 0-2: Foul Ball, location: 2F 0-2: Foul Ball, location: 2F 0-2: Ball 1-2: Foul Ball, location: 2F 1-2: Ball 2-2: Foul Ball, location: 2F 2-2: Strikes out looking
|
Batting: SHB Joshua Vincent
|
0-0: Ball 1-0: Ball 2-0: Ground out 5-3 (Groundball, 56S, EV 70.0 MPH)
|
Bottom of the 3rd over - 0 runs, 0 hits, 0 errors, 0 left on base; San Diego (APP) 4 - Chicago (APP) 0 |
TOP OF THE 4TH |
San Diego (APP) Padres batting - Pitching for Chicago (APP) Cubs : LHP Eddie Panagos
|
Batting: RHB Gabriel Diaz
|
0-0: Called Strike 0-1: Ball 1-1: Called Strike 1-2: Ball 2-2: Ground out 6-3 (Groundball, 6, EV 90.6 MPH)
|
Batting: RHB Alex Collazo
|
0-0: Swinging Strike 0-1: Swinging Strike 0-2: Ball 1-2: Fly out, F9 (Flyball, 9LM, EV 102.5 MPH)
|
Batting: RHB Norinaga Yamakawakamatsu
|
0-0: Ball 1-0: Swinging Strike 1-1: Ball 2-1: Swinging Strike 2-2: Ball 3-2: Foul Ball, location: 2F 3-2: Base on Balls
|
Batting: RHB Brian Klinkner
|
0-0: Ball 1-0: Ball 2-0: Called Strike 2-1: Swinging Strike 2-2: Ground out 5-3 (Groundball, 56S, EV 85.6 MPH)
|
Top of the 4th over - 0 runs, 0 hits, 0 errors, 1 left on base; San Diego (APP) 4 - Chicago (APP) 0 |
BOTTOM OF THE 4TH |
Chicago (APP) Cubs batting - Pitching for San Diego (APP) Padres : RHP Liam Tate
|
Batting: SHB Jim Lloyd
|
0-0: Swinging Strike 0-1: Ball 1-1: Foul Ball, location: 2F 1-2: Strikes out swinging
|
Batting: RHB Andy Villarreal
|
0-0: Ball 1-0: Ball 2-0: Called Strike 2-1: Called Strike 2-2: Ball 3-2: Strikes out swinging
|
Batting: LHB Jose Mafano
|
0-0: Foul Ball, location: 2F 0-1: Ball 1-1: Swinging Strike 1-2: Ball 2-2: Foul Ball, location: 2F 2-2: Strikes out looking
|
Bottom of the 4th over - 0 runs, 0 hits, 0 errors, 0 left on base; San Diego (APP) 4 - Chicago (APP) 0 |
TOP OF THE 5TH |
San Diego (APP) Padres batting - Pitching for Chicago (APP) Cubs : LHP Eddie Panagos
|
Batting: LHB Justin Daley
|
0-0: Ball 1-0: Ball 2-0: Ball 3-0: Called Strike 3-1: Called Strike 3-2: Foul Ball, location: 2F 3-2: Foul Ball, location: 9LSF, Error on foul ball, E9 3-2: SINGLE (Groundball, 56S, EV 65.0 MPH) (infield hit)
|
Pitching: RHP Mike Reusch
|
|
Batting: RHB Phil McFadden
|
0-0: Ball 1-0: Foul Ball, location: 2F 1-1: Ball Wild Pitch! Justin Daley to second 2-1: Ball 3-1: Fly out, F3 (Line Drive, 3, EV 68.8 MPH)
|
Batting: RHB Max Stillo
|
0-0: Foul Ball, location: 2F 0-1: Called Strike 0-2: DOUBLE (Line Drive, 3D, EV 95.6 MPH) Justin Daley scores
|
Batting: RHB Ed Oake
|
0-0: Ball 1-0: Ball Wild Pitch! Max Stillo to third 2-0: Ball 3-0: Called Strike 3-1: Base on Balls
|
Batting: RHB Brian DeVoe
|
0-0: Ball 1-0: Called Strike 1-1: Ball 2-1: 3-RUN HOME RUN (Flyball, 7LD, EV 94.4 MPH), Distance : 348 ft
|
Batting: RHB Gabriel Diaz
|
0-0: Ball 1-0: DOUBLE (Line Drive, 8RXD, EV 105.0 MPH)
|
Pitching: RHP Robbie Schoen
|
|
Batting: RHB Alex Collazo
|
0-0: Ball 1-0: Ball Passed Ball! Gabriel Diaz to third 2-0: Foul Ball, location: 2F 2-1: Ball 3-1: 2-RUN HOME RUN (Flyball, 7D, EV 99.4 MPH), Distance : 401 ft
|
Batting: RHB Norinaga Yamakawakamatsu
|
0-0: Ball 1-0: Fly out, F8 (Flyball, 8LXD, EV 85.0 MPH)
|
Batting: RHB Brian Klinkner
|
0-0: Ball 1-0: DOUBLE (Line Drive, 9LM, EV 104.4 MPH) - OUT at third base trying to stretch hit.
|
Top of the 5th over - 6 runs, 6 hits, 1 error, 0 left on base; San Diego (APP) 10 - Chicago (APP) 0 |
BOTTOM OF THE 5TH |
Chicago (APP) Cubs batting - Pitching for San Diego (APP) Padres : RHP Liam Tate
|
Batting: RHB Andy Baumhardt
|
0-0: Ball 1-0: Called Strike 1-1: Called Strike 1-2: Foul Ball, location: 2F 1-2: Strikes out swinging
|
Batting: RHB Luis Solis
|
0-0: Ball 1-0: Ball 2-0: Called Strike 2-1: Foul Ball, location: 2F 2-2: Strikes out looking
|
Batting: RHB Jorge Gonzalez
|
0-0: Called Strike 0-1: Ball 1-1: Swinging Strike 1-2: Strikes out swinging
|
Bottom of the 5th over - 0 runs, 0 hits, 0 errors, 0 left on base; San Diego (APP) 10 - Chicago (APP) 0 |
TOP OF THE 6TH |
San Diego (APP) Padres batting - Pitching for Chicago (APP) Cubs : RHP Robbie Schoen
|
Batting: LHB Justin Daley
|
0-0: Called Strike 0-1: Ball 1-1: Ball 2-1: Foul Ball, location: 2F 2-2: Ball 3-2: Base on Balls
|
Batting: RHB Phil McFadden
|
0-0: Ball Passed Ball! Justin Daley to second 1-0: Ball 2-0: Ball 3-0: Called Strike 3-1: Base on Balls
|
Pitching: RHP Man-keung Li
|
|
Batting: RHB Max Stillo
|
0-0: Ball 1-0: Ball Wild Pitch! Justin Daley to third Phil McFadden to second 2-0: Called Strike 2-1: Ball 3-1: Foul Ball, location: 2F 3-2: Base on Balls
|
Batting: RHB Ed Oake
|
0-0: Ball 1-0: Foul Ball, location: 2F 1-1: Foul Ball, location: 2F 1-2: SINGLE (Line Drive, 56, EV 100.0 MPH) Justin Daley scores Phil McFadden to third Max Stillo to second
|
Batting: RHB Brian DeVoe
|
0-0: Ball 1-0: Ball Passed Ball! Phil McFadden scores Max Stillo to third Ed Oake to second 2-0: Ball 3-0: Called Strike 3-1: Foul Ball, location: 2F 3-2: Foul Ball, location: 2F 3-2: Ground out 4-3 (Groundball, 4M, EV 88.8 MPH) Max Stillo scores Ed Oake to third
|
Batting: RHB Gabriel Diaz
|
0-0: Foul Ball, location: 2F 0-1: Swinging Strike 0-2: Ball Passed Ball! Ed Oake scores 1-2: Strikes out swinging
|
Pitching: RHP Bobby Almonte
|
|
Batting: RHB Alex Collazo
|
0-0: Called Strike 0-1: Swinging Strike 0-2: Strikes out swinging
|
Top of the 6th over - 4 runs, 1 hit, 0 errors, 0 left on base; San Diego (APP) 14 - Chicago (APP) 0 |
BOTTOM OF THE 6TH |
Chicago (APP) Cubs batting - Pitching for San Diego (APP) Padres : RHP Liam Tate
|
Batting: RHB Lencho Otieno
|
0-0: Ball 1-0: Swinging Strike 1-1: Called Strike 1-2: Strikes out swinging
|
Batting: SHB Rob Craft
|
0-0: Ball 1-0: Foul Ball, location: 2F 1-1: Ground out 5-3 (Groundball, 56, EV 83.8 MPH)
|
Batting: SHB Joshua Vincent
|
0-0: Foul Ball, location: 2F 0-1: SINGLE (Groundball, 4MD, EV 103.1 MPH)
|
Batting: SHB Jim Lloyd
|
0-0: Ball 1-0: Ball 2-0: Foul Ball, location: 2F 2-1: Ball 3-1: Swinging Strike 3-2: Foul Ball, location: 2F 3-2: Foul Ball, location: 2F 3-2: Strikes out swinging, 2-3 out at first.
|
Bottom of the 6th over - 0 runs, 1 hit, 0 errors, 1 left on base; San Diego (APP) 14 - Chicago (APP) 0 |
TOP OF THE 7TH |
San Diego (APP) Padres batting - Pitching for Chicago (APP) Cubs : RHP Bobby Almonte
|
Batting: RHB Norinaga Yamakawakamatsu
|
0-0: Ball 1-0: Foul Ball, location: 2F 1-1: Foul Ball, location: 2F 1-2: Ball 2-2: Ball 3-2: Base on Balls
|
Batting: RHB Brian Klinkner
|
0-0: Called Strike 0-1: Ball 1-1: Ball 2-1: SINGLE (Groundball, 4MD, EV 93.8 MPH) Norinaga Yamakawakamatsu to second Runner from 2nd tries for 3rd, SAFE, throw by CF made to third
|
Batting: LHB Justin Daley
|
0-0: Ball 1-0: 3-RUN HOME RUN (Flyball, 9D, EV 95.6 MPH), Distance : 378 ft
|
Batting: RHB Phil McFadden
|
0-0: Called Strike 0-1: Ball 1-1: Ball 2-1: Ball 3-1: Base on Balls
|
Pitching: RHP Masato Iwase
|
|
Batting: RHB Max Stillo
|
0-0: Ball 1-0: Fly out, F8 (Flyball, 8LD, EV 94.4 MPH)
|
Batting: RHB Ed Oake
|
0-0: Ball 1-0: Ball 2-0: SINGLE (Flyball, 78S, EV 86.9 MPH) Phil McFadden to second
|
Batting: RHB Brian DeVoe
|
0-0: Ball Passed Ball! Phil McFadden to third Ed Oake to second 1-0: Called Strike 1-1: Fly out, F8 (Flyball, 8RD, EV 91.2 MPH)
|
Batting: RHB Gabriel Diaz
|
0-0: Called Strike 0-1: Ball Passed Ball! Phil McFadden scores Ed Oake to third 1-1: Ball 2-1: SINGLE (Groundball, 4S, EV 61.2 MPH) (infield hit) Ed Oake scores
|
Batting: RHB Alex Collazo
|
0-0: Ball 1-0: Swinging Strike Passed Ball! Gabriel Diaz to second 1-1: SINGLE (Line Drive, 78S, EV 102.5 MPH) Gabriel Diaz to third Runner from 3rd tries for Home, throw by LF and OUT! 7-2
|
Top of the 7th over - 5 runs, 5 hits, 0 errors, 1 left on base; San Diego (APP) 19 - Chicago (APP) 0 |
BOTTOM OF THE 7TH |
Chicago (APP) Cubs batting - Pitching for San Diego (APP) Padres : RHP Liam Tate
|
Batting: RHB Andy Villarreal
|
0-0: Foul Ball, location: 2F 0-1: Ball 1-1: Ball 2-1: Called Strike 2-2: Strikes out swinging
|
Batting: LHB Jose Mafano
|
0-0: Foul Ball, location: 2F 0-1: Foul Ball, location: 2F 0-2: SINGLE (Groundball, 6MD, EV 95.6 MPH)
|
Batting: RHB Andy Baumhardt
|
0-0: Ball Jose Mafano steals 2nd base (no throw) 1-0: Foul Ball, location: 2F 1-1: Ball 2-1: Ball 3-1: Fly out, F5 (Line Drive, 56, EV 63.8 MPH)
|
Batting: RHB Luis Solis
|
0-0: Called Strike 0-1: Swinging Strike 0-2: Foul Ball, location: 2F 0-2: Ball 1-2: Strikes out swinging
|
Bottom of the 7th over - 0 runs, 1 hit, 0 errors, 1 left on base; San Diego (APP) 19 - Chicago (APP) 0 |
TOP OF THE 8TH |
San Diego (APP) Padres batting - Pitching for Chicago (APP) Cubs : RHP Masato Iwase
|
Batting: RHB Norinaga Yamakawakamatsu
|
0-0: Foul Ball, location: 2F 0-1: Ball 1-1: Ball 2-1: SINGLE (Flyball, 78S, EV 91.9 MPH)
|
Batting: RHB Brian Klinkner
|
0-0: Called Strike 0-1: Foul Ball, location: 2F 0-2: Foul Ball, location: 2F 0-2: Ball Passed Ball! Norinaga Yamakawakamatsu to second 1-2: Ball 2-2: Foul Ball, location: 2F 2-2: Ball Passed Ball! Norinaga Yamakawakamatsu to third 3-2: SINGLE (Line Drive, 6D, EV 96.2 MPH) Norinaga Yamakawakamatsu scores
|
Batting: LHB Justin Daley
|
0-0: 2-RUN HOME RUN (Flyball, 78XD, EV 106.9 MPH), Distance : 433 ft
|
Batting: RHB Phil McFadden
|
0-0: Ball 1-0: Ball 2-0: Ball 3-0: Called Strike 3-1: Called Strike 3-2: Strikes out swinging
|
Batting: RHB Max Stillo
|
0-0: Ball 1-0: Foul Ball, location: 2F 1-1: Ground out 4-3 (Groundball, 4D, EV 96.9 MPH)
|
Batting: RHB Ed Oake
|
0-0: Ball 1-0: Ball 2-0: Foul Ball, location: 2F 2-1: Ball 3-1: Called Strike 3-2: Fly out, F8 (Flyball, 89M, EV 85.6 MPH)
|
Top of the 8th over - 3 runs, 3 hits, 0 errors, 0 left on base; San Diego (APP) 22 - Chicago (APP) 0 |
BOTTOM OF THE 8TH |
Chicago (APP) Cubs batting - Pitching for San Diego (APP) Padres : RHP Liam Tate
|
Batting: RHB Jorge Gonzalez
|
0-0: Ball 1-0: Called Strike 1-1: Ball 2-1: Swinging Strike 2-2: Foul Ball, location: 2F 2-2: Strikes out swinging
|
Pitching: RHP Tim Devine
|
|
Batting: RHB Lencho Otieno
|
0-0: Foul Ball, location: 2F 0-1: Ball 1-1: Hit by Pitch
|
Batting: SHB Rob Craft
|
0-0: Bunted foul 0-1: Bunted foul 0-2: Sac Bunt to 25 - play at first, batter OUT! 5-3 Lencho Otieno to second
|
Batting: SHB Joshua Vincent
|
0-0: Called Strike 0-1: Called Strike 0-2: Ball 1-2: Strikes out swinging
|
Bottom of the 8th over - 0 runs, 0 hits, 0 errors, 1 left on base; San Diego (APP) 22 - Chicago (APP) 0 |
TOP OF THE 9TH |
San Diego (APP) Padres batting - Pitching for Chicago (APP) Cubs : RHP Masato Iwase
|
Batting: RHB Brian DeVoe
|
0-0: Ball 1-0: Fly out, F6 (Popup, 6, EV 56.9 MPH)
|
Batting: RHB Gabriel Diaz
|
0-0: Foul Ball, location: 2F 0-1: DOUBLE (Line Drive, 9LD, EV 113.8 MPH)
|
Batting: RHB Alex Collazo
|
0-0: Ball Passed Ball! Gabriel Diaz to third 1-0: Foul Ball, location: 2F 1-1: Called Strike 1-2: Foul Ball, location: 2F 1-2: Ball 2-2: Foul Ball, location: 2F 2-2: Foul Ball, location: 2F 2-2: Strikes out swinging
|
Batting: RHB Norinaga Yamakawakamatsu
|
0-0: Ball 1-0: Ground out 5-3 (Groundball, 56S, EV 76.2 MPH)
|
Top of the 9th over - 0 runs, 1 hit, 0 errors, 1 left on base; San Diego (APP) 22 - Chicago (APP) 0 |
BOTTOM OF THE 9TH |
Chicago (APP) Cubs batting - Pitching for San Diego (APP) Padres : RHP Tim Devine
|
Batting: SHB Jim Lloyd
|
0-0: Foul Ball, location: 2F 0-1: Swinging Strike 0-2: Foul Ball, location: 2F 0-2: Ball 1-2: Strikes out swinging
|
Batting: RHB Andy Villarreal
|
0-0: Ground out 5-3 (Groundball, 5S, EV 66.9 MPH)
|
Batting: LHB Jose Mafano
|
0-0: Foul Ball, location: 2F 0-1: Foul Ball, location: 2F 0-2: Ball 1-2: Ball 2-2: Foul Ball, location: 2F 2-2: Strikes out swinging
|
Bottom of the 9th over - 0 runs, 0 hits, 0 errors, 0 left on base; San Diego (APP) 22 - Chicago (APP) 0 |
|